 Dungeon Crawl Stone Soup version 0.31-a0-963-ga325b2283a (webtiles) character file.

Game seed: 1054122391388775513

298 lessens the Ducker (level 6, -19/51 HPs)
             Began as a Gnoll Gladiator on Oct 24, 2023.
             Demolished by an ogre
             ... wielding a +0 giant spiked club
              (28 damage)
             ... on level 4 of the Dungeon.
             The game lasted 00:04:06 (3253 turns).

lessens the Ducker (Gnoll Gladiator)                Turns: 3253, Time: 00:04:07

Health: -19/51     AC:  4    Str: 15    XL:     6   Next: 35%
Magic:  9/9        EV: 12    Int:  8    God:
Gold:   217        SH:  8    Dex: 13    Spells: 9/9 levels left

rFire   . . .        i - +1 dagger (venom)
rCold   . . .        o - +0 kite shield
rNeg    . . .        b - +0 leather armour
rPois   .            c - +0 helmet
rElec   .            (no cloak)
rCorr   +            (no gloves)
SInv    .            (no boots)
Will    .....        (no amulet)
Stlth   ++           C - ring of resist corrosion
HPRegen 0.28/turn    (no ring)
MPRegen 0.11/turn

%: no passive effects
@: no status effects
A: fangs 1, strong nose, distributed training
a: no special abilities


You were on level 4 of the Dungeon.
You visited 1 branch of the dungeon, and saw 4 of its levels.
You also visited: Sewer.

You collected 217 gold pieces.

Inventory:

Hand Weapons
 a - a +0 war axe
 i - a +1 dagger of venom (weapon)
 u - a +0 trident of venom
Missiles
 d - 3 throwing nets (quivered)
 e - 3 javelins
 g - 57 stones
 E - 4 darts of dispersal
Armour
 b - a +0 leather armour (worn)
 c - a +0 helmet (worn)
 o - a +0 kite shield (worn)
Jewellery
 j - a ring of magical power
 C - a ring of resist corrosion (left hand)
Wands
 w - a wand of light (10)
 y - a wand of flame (3)
 D - a wand of charming (3)
 F - a wand of roots (8)
Scrolls
 f - 2 scrolls of fear {unknown}
 h - a scroll of amnesia {unknown}
 n - a scroll of blinking {unknown}
 q - a scroll of fog {unknown}
 r - 2 scrolls of identify {unknown}
 t - 3 scrolls of revelation {unknown}
 v - a scroll of butterflies {unknown}
 x - a scroll of torment {unknown}
 z - a scroll of acquirement {unknown}
 B - a scroll of teleportation {unknown}
Potions
 k - a potion of haste {unknown}
 l - a potion of brilliance
 m - a potion of degeneration {unknown}
 p - a potion of heal wounds {unknown}
 s - 3 potions of curing {unknown}
 A - a potion of mutation {unknown}


   Skills:
 + Level 5.0 Fighting
 + Level 2.0 Short Blades
 + Level 2.0 Long Blades
 + Level 6.8 Axes
 + Level 2.0 Maces & Flails
 + Level 2.0 Polearms
 + Level 2.0 Staves
 + Level 2.0 Ranged Weapons
 + Level 5.0 Throwing
 + Level 2.0 Armour
 + Level 6.8 Dodging
 + Level 2.0 Stealth
 + Level 2.0 Shields
 + Level 2.0 Unarmed Combat
 + Level 2.0 Spellcasting
 + Level 1.5 Conjurations
 + Level 1.5 Hexes
 + Level 1.5 Summonings
 + Level 1.5 Necromancy
 + Level 1.5 Translocations
 + Level 1.5 Transmutations
 + Level 1.5 Fire Magic
 + Level 1.5 Ice Magic
 + Level 1.5 Air Magic
 + Level 1.5 Earth Magic
 + Level 1.5 Poison Magic
 + Level 2.1 Invocations
 + Level 2.0 Evocations
 + Level 1.7 Shapeshifting


You had 9 spell levels left.
You didn't know any spells.
Your spell library contained the following spells:

 Spells                   Type           Power      Damage    Failure   Level
 Slow                     Hex            12%        N/A       61%         1
 Blink                    Tloc           6%         N/A       75%         2
 Lesser Beckoning         Tloc           6%         N/A       75%         2
 Momentum Strike          Conj/Tloc      6%         3d8       75%         2
 Confusing Touch          Hex            3%         N/A       93%         3
 Sigil of Binding         Hex            3%         N/A       93%         3
 Vampiric Draining        Necr           3%         2d6       93%         3


Dungeon Overview and Level Annotations

Branches:
Dungeon (4/15) Zot: 20915   Sewer (visited)
 Temple: D:4-7

Altars:
Yredelemnul

Annotations:
D:4 Menkaure


Innate Abilities, Weirdness & Mutations

You have very sharp teeth.
Your uncanny sense of smell can sniff out nearby items.
Your experience applies equally to all skills.


Message History

Your Long Blades skill increases to level 2!
Your Maces & Flails skill increases to level 2!
Your Polearms skill increases to level 2!
Your Staves skill increases to level 2!
Your Ranged Weapons skill increases to level 2!
Your Throwing skill increases to level 5!
Your Armour skill increases to level 2!
Your Stealth skill increases to level 2!
Your Shields skill increases to level 2!
Your Unarmed Combat skill increases to level 2!
Your Spellcasting skill increases to level 2!
Your Evocations skill increases to level 2!
Your +1 dagger of venom begins to drip with poison!
i - a +1 dagger of venom (weapon)
The ogre closely misses you.
You hit the ogre.
The ogre is lightly wounded.
The ogre barely misses you.
You hit the ogre but do no damage.
The ogre is lightly wounded.
You hit the ogre.
The ogre is poisoned.
The ogre is lightly wounded.
The ogre misses you.
You hit the ogre.
The ogre looks as sick as possible!
The ogre is lightly wounded.
The ogre misses you.
You hit the ogre.
The ogre looks as sick as possible!
The ogre is heavily wounded.
You hit the ogre but do no damage.
The ogre looks as sick as possible!
The ogre is heavily wounded.
The ogre hits you with a +0 giant spiked club!
You hit the ogre but do no damage.
The ogre looks as sick as possible!
The ogre is heavily wounded.
The ogre hits you with a +0 giant spiked club!!
Ouch! That really hurt!
* * * LOW HITPOINT WARNING * * *
The ogre attacks as it pursues you!
The ogre hits you with a +0 giant spiked club!!
Ouch! That really hurt!
You die...

#....# ###.#
#....###...# ###
#....##..### ...
#....##.## #.##
##.####.# #..####
#.###..#
.######....###......#
.......O.#.#...##...#
.######@.....#.##...#
..........>###.#######
#######..#....[......#
#..####........# #..#
#........# #..#
########## #..# #..#


You could see an ogre (extremely poisoned).

Vanquished Creatures
  Pargi (Sewer)
  A water moccasin zombie (D:3)
  A jelly (D:4)
  A scorpion zombie (D:3)
  2 adders (D:3)
  An adder zombie (D:3)
  A worm (D:2)
  2 dart slugs
  An orc (D:3)
  4 endoplasms
  4 giant cockroaches
  4 goblins
  8 hobgoblins
  2 jackals (D:2)
  2 quokkas
  4 ball pythons
  17 bats
  2 frilled lizards
  7 kobolds
  5 rats
70 creatures vanquished.

Notes
Turn   | Place    | Note
-------+----------+-------------------------------------------
     0 | D:1      | lessens the Gnoll Gladiator began the quest for the Orb.
     0 | D:1      | Reached XP level 1. HP: 20/20 MP: 1/1
   174 | D:1      | Reached XP level 2. HP: 24/26 MP: 2/2
   842 | D:2      | Reached XP level 3. HP: 30/31 MP: 3/3
  1056 | D:2      | Reached skill level 1 in Invocations
  1494 | D:2      | Reached skill level 1 in Short Blades
  1494 | D:2      | Reached skill level 1 in Long Blades
  1494 | D:2      | Reached skill level 1 in Maces & Flails
  1494 | D:2      | Reached skill level 1 in Polearms
  1494 | D:2      | Reached skill level 1 in Staves
  1494 | D:2      | Reached skill level 1 in Ranged Weapons
  1494 | D:2      | Reached skill level 1 in Armour
  1494 | D:2      | Reached skill level 1 in Stealth
  1494 | D:2      | Reached skill level 1 in Shields
  1494 | D:2      | Reached skill level 1 in Unarmed Combat
  1494 | D:2      | Reached skill level 1 in Spellcasting
  1494 | D:2      | Reached skill level 1 in Evocations
  1700 | D:3      | Reached skill level 1 in Shapeshifting
  1700 | D:3      | Reached XP level 4. HP: 26/38 MP: 5/5
  1737 | D:3      | Found a basalt altar of Yredelemnul.
  1798 | D:3      | Found a glowing drain.
  1819 | D:3      | Reached skill level 1 in Conjurations
  1819 | D:3      | Reached skill level 1 in Hexes
  1819 | D:3      | Reached skill level 1 in Summonings
  1819 | D:3      | Reached skill level 1 in Necromancy
  1819 | D:3      | Reached skill level 1 in Translocations
  1819 | D:3      | Reached skill level 1 in Transmutations
  1819 | D:3      | Reached skill level 1 in Fire Magic
  1819 | D:3      | Reached skill level 1 in Ice Magic
  1819 | D:3      | Reached skill level 1 in Air Magic
  1819 | D:3      | Reached skill level 1 in Earth Magic
  1819 | D:3      | Reached skill level 1 in Poison Magic
  1934 | Sewer    | Entered a sewer
  1974 | Sewer    | Noticed Pargi
  1994 | Sewer    | Killed Pargi
  1995 | Sewer    | Reached XP level 5. HP: 4/43 MP: 5/7
  2193 | D:3      | Reached XP level 6. HP: 26/50 MP: 8/8
  3010 | D:4      | Noticed Menkaure
  3244 | D:4      | Reached skill level 5 in Fighting
  3244 | D:4      | Reached skill level 5 in Throwing
  3253 | D:4      | Demolished by an ogre

Illustrated notes

Levels and vault maps discovered:
D:1:      minmay_arrival_up_and_down, layout_loops_cross
D:2:      layout_basic, kennysheep_donut
D:3:      layout_basic, nicolae_yredelemnul_corpse_copse,
          mainiacjoe_sewer_entry_somewhere_in_here_1
D:4:      layout_basic, uniq_grinder, uniq_menkaure

Skill      XL: |  1  2  3  4  5  6 |
---------------+-------------------+-----
Invocations    | 1 2 |  2.1
Short Blades   | 1 2 |  2.0
Long Blades    | 1 2 |  2.0
Maces & Flails | 1 2 |  2.0
Polearms       | 1 2 |  2.0
Staves         | 1 2 |  2.0
Ranged Weapons | 1 2 |  2.0
Armour         | 1 2 |  2.0
Stealth        | 1 2 |  2.0
Shields        | 1 2 |  2.0
Unarmed Combat | 1 2 |  2.0
Spellcasting   | 1 2 |  2.0
Evocations     | 1 2 |  2.0
Shapeshifting  | 1 |  1.7
Conjurations   | 1 |  1.5
Hexes          | 1 |  1.5
Summonings     | 1 |  1.5
Necromancy     | 1 |  1.5
Translocations | 1 |  1.5
Transmutations | 1 |  1.5
Fire Magic     | 1 |  1.5
Ice Magic      | 1 |  1.5
Air Magic      | 1 |  1.5
Earth Magic    | 1 |  1.5
Poison Magic   | 1 |  1.5
Fighting       | 5 |  5.0
Throwing       | 5 |  5.0
Axes           | |  6.8
Dodging        | |  6.8

Action                     |  1- 3 |  4- 6 || total
---------------------------+-------+-------++-------
  Melee: War axe           |    38 |    15 ||    53
         Bite              |    13 |    11 ||    24
         Dagger            |    98 |   106 ||   204
         Punch             |     2 |       ||     2
    Use: Scroll            |     1 |       ||     1
         Potion            |       |     2 ||     2
   Stab: Sleeping          |       |     1 ||     1
 Armour: Leather armour    |    45 |   110 ||   155
  Dodge: Dodged            |    99 |    95 ||   194
  Block: Kite shield       |    26 |    85 ||   111

Table legend: (Time is in decaauts)
 A = Elapsed time spent in this place.
 B = Non-inter-level travel time spent in this place.
 C = Inter-level travel time spent in this place.
 D = Time resting spent in this place.
 E = Time spent auto-exploring this place.
 F = Levels seen in this place.
 G = Mean time per level.
                   A        B        C        D        E       F      G
               +--------+--------+--------+--------+--------+-----+--------+
         Total |   3297 |   3165 |    132 |    258 |   2182 |   5 |  659.4 |
       Dungeon |   3083 |   2951 |    132 |    157 |   2168 |   4 |  770.8 |
         Sewer |    214 |    214 |      0 |    101 |     14 |   1 |  214.0 |
               +--------+--------+--------+--------+--------+-----+--------+

Top non-repeatable levels by time:
     D:3: 1331 daAuts
     D:2: 824 daAuts
     D:1: 770 daAuts
   Sewer: 214 daAuts
     D:4: 157 daAuts

Levels and vault maps discovered:
D:1:      minmay_arrival_up_and_down, layout_loops_cross
D:2:      layout_basic, kennysheep_donut
D:3:      layout_basic, nicolae_yredelemnul_corpse_copse,
          mainiacjoe_sewer_entry_somewhere_in_here_1
D:4:      layout_basic, uniq_grinder, uniq_menkaure
